 Dungeon Crawl Stone Soup version 0.27.1-33-g824d729ab1 (webtiles) character file.

Game seed: 10087481733554481842

110 JBAR the Ducker (level 4, -5/41 HPs)
             Began as a Gnoll Monk on Nov 24, 2021.
             Was a Priest of Wu Jian.
             Slain by a river rat (8 damage)
             ... on level 3 of the Dungeon.
             The game lasted 00:04:39 (2405 turns).

JBAR the Ducker (Gnoll Monk)                        Turns: 2405, Time: 00:04:40

Health: -5/41      AC:  4    Str: 10    XL:     4   Next: 91%
Magic:  5/5        EV: 15    Int: 16    God:    Wu Jian [***...]
Gold:   128        SH:  0    Dex: 15    Spells: 5/5 levels left

rFire    . . .     SeeInvis .   a - +0 spear
rCold    . . .     Faith    .   (no shield)
rNeg     . . .     Spirit   .   b - +0 robe
rPois    .         Reflect  .   (no helmet)
rElec    .         Harm     .   f - +0 cloak
rCorr    .         Rampage  .   i - +0 pair of gloves
Will     .....                  (no boots)
Stlth    ++........             (no amulet)
HPRegen  0.13/turn              e - +6 ring of intelligence
MPRegen  0.09/turn              (no ring)

@: very slow
A: fangs 1, strong nose, distributed training
a: Renounce Religion, Wall Jump, Serpent's Lash


You were on level 3 of the Dungeon.
You worshipped Wu Jian.
Wu Jian was most pleased with you.
You visited 1 branch of the dungeon, and saw 3 of its levels.

You collected 128 gold pieces.

Inventory:

Hand Weapons
 a - a +0 spear (weapon)
 d - a +1 dagger of freezing
Missiles
 m - 6 boomerangs (quivered)
Armour
 b - a +0 robe (worn)
 f - a +0 cloak (worn)
 i - a +0 pair of gloves (worn)
Jewellery
 e - a +6 ring of intelligence (left hand)
Scrolls
 j - a scroll of blinking {unknown}
Potions
 c - a potion of heal wounds {unknown}
 g - 3 potions of flight {unknown}
 h - a potion of might {unknown}
 k - a potion of berserk rage {unknown}
 l - a potion of curing {unknown}


   Skills:
 + Level 6.6 Fighting
 + Level 1.2 Short Blades
 + Level 1.2 Long Blades
 + Level 1.2 Axes
 + Level 1.2 Maces & Flails
 + Level 6.6 Polearms
 + Level 1.2 Staves
 + Level 1.2 Slings
 + Level 1.2 Bows
 + Level 1.2 Crossbows
 + Level 1.2 Throwing
 + Level 1.2 Armour
 + Level 6.6 Dodging
 + Level 4.3 Stealth
 + Level 1.2 Shields
 + Level 1.2 Unarmed Combat
 + Level 1.2 Spellcasting
 + Level 1.0 Conjurations
 + Level 1.0 Hexes
 + Level 1.0 Summonings
 + Level 1.0 Necromancy
 + Level 1.0 Translocations
 + Level 1.0 Transmutations
 + Level 1.0 Fire Magic
 + Level 1.0 Ice Magic
 + Level 1.0 Air Magic
 + Level 1.0 Earth Magic
 + Level 1.0 Poison Magic
 + Level 1.4 Invocations
 + Level 1.2 Evocations


You had 5 spell levels left.
You didn't know any spells.
Your spell library was empty.

Dungeon Overview and Level Annotations

Branches:
Dungeon (3/15)

Altars:
Wu Jian
Zin

Portals:
Sewer: D:3


Innate Abilities, Weirdness & Mutations

You have very sharp teeth.
Your uncanny sense of smell can sniff out nearby items.
Your experience applies equally to all skills.


Message History

You kill the adder!
The Council accepts your kill.
You repeatedly attack the river rat from above.
Your unstable footing causes you to fumble your attack.
You hit the river rat but do no damage. You hit the river rat.
The river rat is moderately wounded.
You hit the river rat but do no damage.
The river rat is moderately wounded.
The river rat bites you.
The river rat bites you but does no damage.
The river rat bites you.
You hit the river rat but do no damage.
The river rat is moderately wounded.
The river rat closely misses you.
You hit the river rat. Your bite misses the river rat.
The river rat is heavily wounded.
The river rat bites you.
* * * LOW HITPOINT WARNING * * *
You hit the river rat.
The river rat is almost dead.
You hit the river rat.
The river rat is almost dead.
The river rat misses you.
Your unstable footing causes you to fumble your attack.
The river rat closely misses you.
Your unstable footing causes you to fumble your attack.
The river rat misses you.
Your unstable footing causes you to fumble your attack.
Your unstable footing causes you to fumble your attack.
The river rat bites you.
* * * LOW HITPOINT WARNING * * *
Your unstable footing causes you to fumble your attack.
The river rat barely misses you.
Your unstable footing causes you to fumble your attack.
The river rat bites you.
* * * LOW HITPOINT WARNING * * *
You hit the river rat but do no damage.
The river rat is almost dead.
The river rat bites you!
You die...

##########.##.#
#)......##.#
##.########.#
#............
#.########
##≈######≈##
#≈≈≈#≈≈≈≈≈≈#
#≈≈≈#†r#≈≈≈#
##≈##≈@##†##
#≈#≈≈≈≈#≈#
#≈#≈≈∩≈#≈#
##≈##≈≈##≈##
#≈†≈####≈≈≈#
#≈≈≈≈≈≈≈≈≈≈#
##≈######≈##
### ###


You could see a river rat.

Vanquished Creatures
  2 adders
  A worm (D:2)
  3 orcs (D:3)
  5 ball pythons
  3 endoplasms (D:2)
  3 giant cockroaches
  6 hobgoblins
  18 jackals
  7 quokkas
  5 bats
  10 frilled lizards
  4 goblins (D:1)
  2 kobolds (D:2)
  9 rats
78 creatures vanquished.

Notes
Turn   | Place    | Note
-------+----------+-------------------------------------------
     0 | D:1      | JBAR the Gnoll Monk began the quest for the Orb.
     0 | D:1      | Reached XP level 1. HP: 23/23 MP: 1/1
   183 | D:1      | Reached XP level 2. HP: 25/29 MP: 2/2
   448 | D:1      | Reached XP level 3. HP: 32/35 MP: 3/3
   805 | D:1      | Reached skill level 1 in Invocations
  1224 | D:2      | Reached skill level 1 in Short Blades
  1224 | D:2      | Reached skill level 1 in Long Blades
  1224 | D:2      | Reached skill level 1 in Axes
  1224 | D:2      | Reached skill level 1 in Maces & Flails
  1224 | D:2      | Reached skill level 1 in Staves
  1224 | D:2      | Reached skill level 1 in Slings
  1224 | D:2      | Reached skill level 1 in Bows
  1224 | D:2      | Reached skill level 1 in Crossbows
  1224 | D:2      | Reached skill level 1 in Throwing
  1224 | D:2      | Reached skill level 1 in Armour
  1224 | D:2      | Reached skill level 1 in Shields
  1224 | D:2      | Reached skill level 1 in Unarmed Combat
  1224 | D:2      | Reached skill level 1 in Spellcasting
  1224 | D:2      | Reached skill level 1 in Evocations
  1384 | D:2      | Reached XP level 4. HP: 38/41 MP: 5/5
  1814 | D:2      | Found an ornate altar of the Wu Jian Council.
  1921 | D:2      | Found a faded altar of an unknown god.
  2024 | D:2      | Became a worshipper of the Wu Jian Council
  2024 | D:2      | Reached * piety under Wu Jian
  2024 | D:2      | Reached ** piety under Wu Jian
  2217 | D:3      | Found a glowing silver altar of Zin.
  2221 | D:3      | Reached skill level 1 in Conjurations
  2221 | D:3      | Reached skill level 1 in Hexes
  2221 | D:3      | Reached skill level 1 in Summonings
  2221 | D:3      | Reached skill level 1 in Necromancy
  2221 | D:3      | Reached skill level 1 in Translocations
  2221 | D:3      | Reached skill level 1 in Transmutations
  2221 | D:3      | Reached skill level 1 in Fire Magic
  2221 | D:3      | Reached skill level 1 in Ice Magic
  2221 | D:3      | Reached skill level 1 in Air Magic
  2221 | D:3      | Reached skill level 1 in Earth Magic
  2221 | D:3      | Reached skill level 1 in Poison Magic
  2376 | D:3      | Reached *** piety under Wu Jian
  2381 | D:3      | Found a glowing drain.
  2405 | D:3      | Slain by a river rat

Illustrated notes

Levels and vault maps discovered:
D:1:      roderic_dead_forest, layout_loops_ring, minmay_lizard_pond
D:2:      minmay_chambers_of_ones, layout_basic, basic_altar,
          ebering_ecumenical_altar_hall, minmay_misc_feat_hallway
D:3:      layout_loops_ring, mainiacjoe_overflow_swirl, gup_sewer_entry_bubbles

Skill      XL: |  1  2  3  4 |
---------------+-------------+-----
Invocations    | 1 |  1.4
Short Blades   | 1 |  1.2
Long Blades    | 1 |  1.2
Axes           | 1 |  1.2
Maces & Flails | 1 |  1.2
Staves         | 1 |  1.2
Slings         | 1 |  1.2
Bows           | 1 |  1.2
Crossbows      | 1 |  1.2
Throwing       | 1 |  1.2
Armour         | 1 |  1.2
Shields        | 1 |  1.2
Unarmed Combat | 1 |  1.2
Spellcasting   | 1 |  1.2
Evocations     | 1 |  1.2
Conjurations   | 1 |  1.0
Hexes          | 1 |  1.0
Summonings     | 1 |  1.0
Necromancy     | 1 |  1.0
Translocations | 1 |  1.0
Transmutations | 1 |  1.0
Fire Magic     | 1 |  1.0
Ice Magic      | 1 |  1.0
Air Magic      | 1 |  1.0
Earth Magic    | 1 |  1.0
Poison Magic   | 1 |  1.0
Fighting       | |  6.6
Polearms       | |  6.6
Dodging        | |  6.6
Stealth        | |  4.3

Action                   |  1- 3 |  4- 6 || total
-------------------------+-------+-------++-------
Melee: Spear             |   152 |   128 ||   280
       Bite              |    11 |     9 ||    20
Invok: Whirlwind         |       |     1 ||     1
 Abil: Wall Jump         |       |     1 ||     1
  Use: Scroll            |     3 |     2 ||     5
 Stab: Sleeping          |    11 |    11 ||    22
Armor: Robe              |    10 |    11 ||    21
Dodge: Dodged            |    57 |    47 ||   104
